 Dungeon Crawl Stone Soup version 0.29.1-14-g9c671dbff4 (webtiles) character file.

Game seed: 6384446935051555594

2017 hawla the Carver (level 9, -29/67 HPs)
             Began as a Meteoran Ice Elementalist on Feb 20, 2023.
             Was a Follower of Vehumet.
             Annihilated by a two-headed ogre
             ... wielding a +0 giant spiked club
              (38 damage)
             ... on level 8 of the Dungeon.
             The game lasted 00:16:19 (2629 turns).

hawla the Carver (Meteoran Ice Elementalist)        Turns: 2629, Time: 00:16:20

Health: -29/67     AC:  4    Str: 11    XL:     9   Next: 75%
Magic:  16/18      EV: 13    Int: 20    God:    Vehumet [*.....]
Gold:   344        SH:  0    Dex: 15    Spells: 11/19 levels left

rFire   . . .      SeeInvis .   u - +0 long sword
rCold   . . .      Faith    .   (no shield)
rNeg    . . .      Spirit   .   a - +2 robe
rPois   +          Reflect  .   (no helmet)
rElec   .          Harm     .   (no cloak)
rCorr   .          Rampage  .   (no gloves)
Will    +....                   (no boots)
Stlth   +.........              (no amulet)
HPRegen 0.21/turn               k - ring of poison resistance
MPRegen 0.16/turn               (no ring)

@: brilliant, freezing walls, flying, glowing
A: sense surroundings 2, otherworldly, glowing, explore regen
a: Renounce Religion


You were on level 8 of the Dungeon.
You worshipped Vehumet.
Vehumet was aware of your devotion.
You visited 1 branch of the dungeon, and saw 8 of its levels.
You also visited: Ossuary.

You collected 344 gold pieces.

Inventory:

Hand Weapons
 u - a +0 long sword (weapon)
Armour
 a - a +2 robe (worn)
Jewellery
 k - a ring of poison resistance (left hand)
Wands
 t - a wand of paralysis (4) (quivered)
Scrolls
 b - a scroll of silence {unknown}
 c - a scroll of butterflies
 d - a scroll of amnesia
 e - a scroll of blinking {unknown}
 r - 2 scrolls of enchant armour
 s - a scroll of fear
Potions
 g - a potion of mutation
 h - a potion of attraction
 l - a potion of haste
 m - 2 potions of berserk rage
 n - a potion of cancellation
 o - a potion of flight
 p - a potion of brilliance
 q - 2 potions of might {unknown}


   Skills:
 - Level 2.1 Fighting
 + Level 8.8 Long Blades
 - Level 0.8 Axes
 - Level 3.7 Dodging
 - Level 1.4 Stealth
 - Level 5.6 Spellcasting
 - Level 5.6 Conjurations
 - Level 6.8 Ice Magic
 - Level 3.0 Evocations


You had 11 spell levels left.
You knew the following spells:

 Your Spells              Type           Power      Damage    Failure   Level
a - Freeze                Ice            100%       1d11      1%          1
b - Frozen Ramparts       Ice            98%        1d15      1%          3
c - Hailstorm             Conj/Ice       45%        3d10      9%          4

Your spell library contained the following spells:

 Spells                   Type           Power      Damage    Failure   Level
 Foxfire                  Conj/Fire      100%       2x1d9     3%          1
 Ozocubu's Armour         Ice            49%        N/A       1%          3
 Call Canine Familiar     Summ           8%         N/A       32%         3
 Portal Projectile        Hex/Tloc       16%        N/A       32%         3
 Metabolic Englaciation   Hex/Ice        14%        N/A       58%         5
 Leda's Liquefaction      Hex/Erth       4%         N/A       73%         4
 Simulacrum               Ice/Necr       14%        N/A       99%         6


Dungeon Overview and Level Annotations

Branches:
Dungeon (8/15) Zot: 2363  Ossuary (visited)
 Temple: D:4-7         Lair: D:8-11

Altars:
Vehumet
The Shining One


Innate Abilities, Weirdness & Mutations

You passively map the area around you.
You are easily found by Zot.
You glow in the dark.
You regain HP and MP as you explore.


Message History

HP restored.
An orc comes into view. It is wielding a +0 falchion.
The orc shouts!
You hear a shout! x3
An orc comes into view. It is wielding a +0 club.
The orc moves out of view.
You hear a shout! x5
An orc comes into view. It is wielding a +0 trident.
An orc and a two-headed ogre come into view.
Found 11 gold pieces.
The orc shouts!
Found a robe.
You hit the two-headed ogre but do no damage.
The two-headed ogre closely misses you.
The two-headed ogre hits you with a +0 giant club!
Casting: Frozen Ramparts (safe; 1% risk of failure)
Confirm with . or Enter, or press ? or * to list all spells.
Casting: Frozen Ramparts (safe; 1% risk of failure)
Press: ? - help, Dir - look around, f - activate The walls around you are covered in ice.
The orc hits you from afar with a +0 trident!
The wall freezes the orc.
You kill the orc!
Vehumet accepts your kill.
You feel your power returning.
The wall freezes the two-headed ogre.
The two-headed ogre hits you with a +0 giant spiked club!!
* * * LOW HITPOINT WARNING * * *
The two-headed ogre hits you with a +0 giant club!
* * * LOW HITPOINT WARNING * * *
Unknown command.
It was a potion of flight.
You feel very buoyant.
You fly up into the air.
The orc closely misses you.
The wall freezes the orc!
You kill the orc!
Vehumet accepts your kill.
It was a potion of brilliance.
You feel clever all of a sudden.
The wall freezes the two-headed ogre.
The two-headed ogre hits you with a +0 giant spiked club!!!
Ouch! That really hurt!
You die...

* *, * * ##..#*
#...[ ** * #$... *
, , #....* * #....
,, , *#.o) , ,
#.O## , ,
#####)@########
#.............##
#.......#......####
#.......#.........#
#.......#.....#...#
#.......#.....#.#.#
###############.#.#
#.#.# #.#.####


You could see a two-headed ogre and an orc.

Vanquished Creatures
  Grinder (D:4)
  Prince Ribbit (D:8)
  A wyvern (D:7)
  Eustachio (D:4)
  A sky beast (D:7)
  A centaur (D:5)
  2 ogres
  A phantom (D:5)
  2 necrophages
  2 scorpions (D:5)
  3 killer bees (D:7)
  A hound (D:4)
  An orc priest (D:5)
  A centaur zombie (Ossuary)
  A jelly (D:7)
  Ijyb (D:4)
  3 iguanas
  5 orc wizards
  3 mummies
  7 adders
  3 gnolls
  A white imp (D:5)
  A worm (D:2)
  A dart slug (D:4)
  23 orcs
  3 endoplasms
  2 giant cockroaches
  5 goblins
  A hobgoblin (D:1)
  3 jackals (D:1)
  3 kobolds
  3 quokkas
  A ball python (D:4)
  3 bats
  3 frilled lizards
  An orc zombie (Ossuary)
  2 rats (D:2)
98 creatures vanquished.

Vanquished Creatures (others)
  19 fungi (D:6)
19 creatures vanquished.

Grand Total: 117 creatures vanquished

Notes
Turn   | Place    | Note
-------+----------+-------------------------------------------
     0 | D:1      | hawla the Meteoran Ice Elementalist began the quest for the
                  | Orb.
     0 | D:1      | Reached XP level 1. HP: 14/14 MP: 5/5
    27 | D:1      | You fall into a shaft and drop 1 floor!
    37 | D:2      | Reached XP level 2. HP: 20/20 MP: 3/6
    74 | D:3      | Found a glowing golden altar of the Shining One.
   158 | D:3      | HP: 1/20 [gnoll/+0 flail (12)]
   162 | D:2      | Reached skill level 5 in Ice Magic
   162 | D:2      | Reached XP level 3. HP: 4/26 MP: 1/8
   166 | D:2      | Learned a level 3 spell: Frozen Ramparts
   373 | D:2      | Reached XP level 4. HP: 25/33 MP: 1/9
   378 | D:2      | Learned a level 4 spell: Hailstorm
   430 | D:2      | Reached skill level 1 in Conjurations
   548 | D:3      | Reached XP level 5. HP: 36/38 MP: 8/10
   572 | D:4      | Noticed Ijyb
   575 | D:4      | Paralysed by Ijyb for 3 turns
   579 | D:4      | Killed Ijyb
   694 | D:4      | Reached XP level 6. HP: 43/45 MP: 5/11
   711 | D:4      | Found a sand-covered staircase.
   722 | Ossuary  | Entered an ossuary
   775 | Ossuary  | Reached skill level 5 in Conjurations
   931 | D:4      | Noticed Eustachio
   952 | D:4      | Killed Eustachio
   953 | D:4      | Reached XP level 7. HP: 27/51 MP: 0/14
  1422 | D:4      | Noticed Grinder
  1425 | D:4      | Reached skill level 1 in Fighting
  1426 | D:4      | Paralysed by Grinder for 2 turns
  1439 | D:4      | Paralysed by Grinder for 2 turns
  1444 | D:4      | Killed Grinder
  1445 | D:4      | Reached skill level 5 in Spellcasting
  1445 | D:4      | Reached XP level 8. HP: 28/59 MP: 6/16
  1675 | D:5      | Entered Level 5 of the Dungeon
  1731 | D:5      | Reached skill level 1 in Long Blades
  1830 | D:5      | Found a radiant altar of Vehumet.
  1852 | D:5      | Reached skill level 2 in Long Blades
  1862 | D:5      | Became a worshipper of Vehumet
  2012 | D:5      | Reached skill level 3 in Long Blades
  2072 | D:5      | Reached skill level 1 in Evocations
  2073 | D:5      | Reached skill level 4 in Long Blades
  2074 | D:5      | Gained mutation: You passively map the area around you.
                  | [Meteoran growth]
  2074 | D:5      | Reached XP level 9. HP: 41/67 MP: 5/18
  2093 | D:5      | Reached skill level 5 in Long Blades
  2418 | D:7      | Reached skill level 6 in Long Blades
  2428 | D:7      | Reached skill level 7 in Long Blades
  2486 | D:8      | Noticed Prince Ribbit
  2492 | D:8      | HP: 5/100 [Prince Ribbit (9)]
  2493 | D:8      | Killed Prince Ribbit
  2494 | D:8      | Reached skill level 8 in Long Blades
  2558 | D:8      | Reached * piety under Vehumet
  2558 | D:8      | Offered knowledge of Foxfire by Vehumet.
  2624 | D:8      | Noticed a two-headed ogre
  2629 | D:8      | Annihilated by a two-headed ogre

Illustrated notes

Levels and vault maps discovered:
D:1:      minmay_arrival_shattered_statue, layout_loops_ring,
          ebering_ecumenical_altar_petrified
D:2:      layout_loops_ring
D:3:      layout_basic, nicolae_tso_swordbearing_angel, minmay_between
D:4:      layout_basic, gup_ossuary_entry_pyramid, uniq_eustachio, uniq_grinder,
          uniq_ijyb
D:5:      layout_basic, nicolae_vehumet_radiance, minmay_bent
D:6:      layout_basic, minmay_temple_entry_mini_moons, serial_aquarium,
          aquarium_bridge_long_separate [aquarium_subvault_bridge,
          aquarium_subvault_balcony, aquarium_subvault_wall,
          aquarium_subvault_bridge, aquarium_subvault_bridge,
          aquarium_subvault_wall], aquarium_bridge_straight
          [aquarium_subvault_bridge, aquarium_subvault_wall,
          aquarium_subvault_bridge, aquarium_subvault_wall],
          aquarium_window_corner, aquarium_window_3, aquarium_window_fake,
          aquarium_window_double, aquarium_view_2f, aquarium_view_2g,
          aquarium_balcony_5a, aquarium_pool_S
D:7:      nzn_winding_woodlands_stair_cross
          [nzn_winding_woodlands_5x15_pathside_ponds,
          nzn_winding_woodlands_center_garden,
          nzn_winding_woodlands_5x15_concentric,
          nzn_winding_woodlands_5x5_three, nzn_winding_woodlands_5x5_default,
          nzn_winding_woodlands_5x15_sawtooth,
          nzn_winding_woodlands_center_diamonds,
          nzn_winding_woodlands_5x15_river_crossing], layout_basic,
          mainiacjoe_overflow_concentric_impassable,
          nicolae_kikubaaqudgha_miasma_corner, grunt_temple_overflow_cloverleaf,
          uniq_maggie
D:8:      layout_basic, minivault_1, uniq_prince_ribbit1

Skill      XL: |  1  2  3  4  5  6  7  8  9 |
---------------+----------------------------+-----
Ice Magic      | 5 6 |  6.8
Spellcasting   | 3 4 5 |  5.6
Conjurations   | 2 4 5 |  5.6
Dodging        | 3 |  3.7
Fighting       | 1 2 |  2.1
Long Blades    | 4 8 |  8.8
Evocations     | 1 3 |  3.0
Axes           | |  0.8
Stealth        | |  1.4

Action                   |  1- 3 |  4- 6 |  7- 9 || total
-------------------------+-------+-------+-------++-------
Melee: Unarmed           |     3 |    10 |       ||    13
       Hand axe          |       |    18 |       ||    18
       Long sword        |       |       |    91 ||    91
 Cast: Freeze            |    32 |    33 |    30 ||    95
       Frozen Ramparts   |     1 |    14 |    23 ||    38
       Hailstorm         |       |     4 |    15 ||    19
Evoke: Wand              |       |       |     5 ||     5
  Use: Scroll            |       |     7 |     7 ||    14
       Potion            |       |     2 |     6 ||     8
Armor: Robe              |    13 |    27 |    20 ||    60
Dodge: Dodged            |    23 |    38 |    70 ||   131
